 Dungeon Crawl Stone Soup version 0.15.0-16-gce31824 (webtiles) character file.

340 MDvedh the Cleaver (level 6, -1/50 HPs)
             Began as a Minotaur Death Knight on Sept 6, 2014.
             Was a Priest of Yredelemnul.
             Slain by an ogre
             ... wielding a +0 giant spiked club
              (22 damage)
             ... on Level 4 of the Dungeon.
             The game lasted 00:08:43 (3150 turns).

MDvedh the Cleaver (Minotaur Death Knight)          Turns: 3150, Time: 00:08:44

HP  -1/50        AC  8     Str 18      XL: 6   Next: 30%
MP   5/5         EV  6     Int  8      God: Yredelemnul [***...]
Gold 163         SH  0     Dex 11      Spells:  0 memorised,  5 levels left

rFire  . . .     SeeInvis .     a - +1 hand axe
rCold  . . .     Clarity  .     k - +0 chain mail
rNeg   . . .     rCorr    .     (no shield)
rPois  .         rRot     .     (helmet restricted)
rElec  .         Spirit   .     (no cloak)
SustAb +         Warding  .     (no gloves)
rMut   .         Stasis   .     (no boots)
Gourm  .                        (no amulet)
MR     .....                    r - ring of regeneration
                                i - ring of sustain abilities

@: not resistant to hostile enchantments, extremely unstealthy
A: retaliatory headbutt, horns 2
a: Animate Dead, Recall Undead Slaves, Injury Mirror, Renounce Religion


You were on level 4 of the Dungeon.
You worshipped Yredelemnul.
Yredelemnul was most pleased with you.
You were not hungry.

You visited 1 branch of the dungeon, and saw 4 of its levels.

You collected 163 gold pieces.

Inventory:

Hand weapons
 a - a +1 hand axe (weapon)
Armour
 k - a +0 chain mail (worn)
Comestibles
 c - 2 bread rations
 f - 2 meat rations
Scrolls
 d - a scroll of remove curse {unknown}
 e - a scroll of enchant armour {unknown}
 m - a scroll of fog {unknown}
 n - a scroll of teleportation {unknown}
 o - a scroll of amnesia {unknown}
 t - a scroll of noise {unknown}
Jewellery
 i - a ring of sustain abilities (left hand)
 l - an uncursed ring of ice
 r - a ring of regeneration (right hand)
Potions
 b - 2 potions of poison {unknown}
 g - a potion of heal wounds {unknown}
 h - a potion of curing
 j - a potion of agility
 p - a potion of haste
 s - a potion of brilliance {unknown}


   Skills:
 - Level 2.4 Fighting
 + Level 8.1 Axes
 - Level 1.2 Armour
 - Level 1.1 Dodging
 - Level 2.6 Invocations


You had 5 spell levels left.
You didn't know any spells.

Dungeon Overview and Level Annotations

Branches:
Dungeon (4/15)
 Temple: D:4-7

Altars:

Annotations:
D:3 exclusion: moth of wrath


Innate Abilities, Weirdness & Mutations

You reflexively headbutt those who attack you in melee.
You have a pair of horns on your head.


Message History

A kobold is nearby!
A kobold is nearby!
A kobold is nearby!
A kobold is nearby!
A kobold is nearby!
An ogre comes into view. It is wielding a giant spiked club.
The ogre shouts!
A kobold comes into view.
The kobold shouts!
The ogre hits you with a giant spiked club!
You completely miss the ogre. Your headbutt misses the ogre.
A giant cockroach comes into view.
You barely miss the ogre.
The ogre hits you with a giant spiked club!
You slash the ogre!
You headbutt the ogre, but do no damage.
The ogre is heavily wounded.
The ogre hits you with a giant spiked club!!
You die...
Your body rises from the dead as a mindless zombie.

..# ##.... .......
.......# .. .....%.s#
##.## .......K##.....
................
#.....OK.........
..######@.........#
.......?..........
....####.##..#... .
..#####.###.#.##... ..##
.........................
..#####......#####.#.#.#
.#########...## #.#.#..
.......#.......####...##.
#........................


You could see an ogre, a giant cockroach and 2 kobolds.

Vanquished Creatures
  An ogre (D:4)
  2 orc wizards (D:3)
  An iguana (D:4)
  6 adders (D:2)
  2 giant mites
  2 worms
  5 giant geckos
  7 orcs (D:4)
  10 bats
  5 giant cockroaches
  12 hobgoblins
  6 jackals (D:3)
  3 ball pythons
  2 giant newts
  11 goblins
  8 kobolds
  3 quokkas
  8 rats
94 creatures vanquished.

Notes
Turn   | Place    | Note
--------------------------------------------------------------
     0 | D:1      | MDvedh, the Minotaur Death Knight, began the quest for the Orb.
     0 | D:1      | Reached XP level 1. HP: 18/18 MP: 1/1
   296 | D:1      | Reached skill level 3 in Axes
   427 | D:1      | Reached XP level 2. HP: 18/25 MP: 1/1
   693 | D:1      | Reached skill level 4 in Axes
   877 | D:1      | Reached XP level 3. HP: 26/30 MP: 3/3
  1589 | D:2      | Reached skill level 5 in Axes
  1725 | D:2      | Reached XP level 4. HP: 33/37 MP: 3/3
  1734 | D:2      | Acquired Yredelemnul's second power
  2340 | D:2      | Reached skill level 6 in Axes
  2683 | D:3      | Noticed a moth of wrath
  2709 | D:3      | Reached XP level 5. HP: 40/42 MP: 4/4
  2903 | D:4      | Acquired Yredelemnul's third power
  2985 | D:3      | Reached skill level 7 in Axes
  3123 | D:4      | Noticed an ogre
  3129 | D:4      | Killed an ogre
  3129 | D:4      | Reached skill level 8 in Axes
  3129 | D:4      | Reached XP level 6. HP: 39/50 MP: 5/5
  3146 | D:4      | Noticed an ogre
  3150 | D:4      | Slain by an ogre

Action                   |  1- 3 |  4- 6 || total
-------------------------+-------+-------++-------
Melee: Hand axe          |    83 |   159 ||   242
Invok: Injury Mirror     |       |     1 ||     1
  Use: Scroll            |       |     1 ||     1
       Potion            |       |     2 ||     2
  Eat: Chunk             |     2 |     6 ||     8
